 Dungeon Crawl Stone Soup version 0.27.0-1-g7a089689b8 (webtiles) character file.

Game seed: 4774132731384728750

42 pascalblue the Digger (level 3, -2/19 HPs)
             Began as a Deep Elf Earth Elementalist on Aug 4, 2021.
             Slain by an adder (5 damage)
             ... on level 3 of the Dungeon.
             The game lasted 00:04:23 (2499 turns).

pascalblue the Digger (Deep Elf Earth Elementalist) Turns: 2499, Time: 00:04:23

Health: -2/19      AC:  2    Str:  5    XL:     3   Next: 35%
Magic:  10/10      EV: 13    Int: 20    God:
Gold:   87         SH:  0    Dex: 15    Spells: 8/9 levels left

rFire    . . .     SeeInvis .   g - +0 short sword (venom)
rCold    . . .     Faith    .   (no shield)
rNeg     . . .     Spirit   .   b - +0 robe
rPois    .         Reflect  .   (no helmet)
rElec    .         Harm     .   (no cloak)
rCorr    .         Rampage  .   (no gloves)
Will     .....                  (no boots)
Stlth    ++........             (no amulet)
HPRegen  0.06/turn              (no ring)
MPRegen  0.12/turn              (no ring)

@: lethally poisoned (-2 -> -4)
A: no striking features
a: no special abilities


You were on level 3 of the Dungeon.
You visited 1 branch of the dungeon, and saw 3 of its levels.

You collected 87 gold pieces.

Inventory:

Hand Weapons
 a - a +0 dagger
 g - a +0 short sword of venom (weapon)
Missiles
 c - 53 stones
Armour
 b - a +0 robe (worn)
Jewellery
 e - a +4 ring of evasion
Scrolls
 d - a scroll of enchant armour {unknown}
 h - a scroll of magic mapping {unknown}
 i - 2 scrolls of teleportation {unknown}
 m - a scroll of amnesia {unknown}
Potions
 f - a potion of might {unknown}
 j - a potion of curing {unknown}
 k - 2 potions of haste {unknown}
 l - 3 potions of heal wounds {unknown}
 n - a potion of invisibility {unknown}


   Skills:
 - Level 0.3 Short Blades
 + Level 2.7 Dodging
 - Level 3.0 Stealth
 + Level 3.7 Spellcasting
 - Level 1.1 Transmutations
 * Level 4.0 Earth Magic


You had 8 spell levels left.
You knew the following spells:

 Your Spells              Type           Power      Damage    Failure   Level
a - Sandblast             Erth           38%        2d10      2%          1

Your spell library contained the following spells:

 Spells                   Type           Power      Damage    Failure   Level
 Passwall                 Tmut/Erth      11%        N/A       7%          2
 Stone Arrow              Conj/Erth      22%        3d8       17%         3
 Petrify                  Tmut/Erth      14%        N/A       41%         4
 Iskenderun's Battlesphe  Conj           3%         2d6       98%         5
 Iron Shot                Conj/Erth      5%         9d2       100%        6
 Spellforged Servitor     Conj/Summ      1%         N/A       100%        7


Dungeon Overview and Level Annotations

Branches:
Dungeon (3/15)

Altars:
Nemelex Xobeh


Message History

Done exploring.
(D) Dungeon
Where to? (Enter - D:2, ? - help)
There is a stone staircase leading down here.
You climb downwards.
A bat comes into view.
Found a stone staircase leading down.
There is a stone staircase leading up here.
A bat is nearby!
Casting: Sandblast (safe; 2% risk of failure)
Confirm with . or Enter, or press ? or * to list all spells.
You don't know that spell.
The helpless bat fails to defend itself.
You puncture the bat!
You kill the bat!
Found a mace.
i - 2 scrolls labelled POGOGRIREU (gained 1)
You pick up a book of Power and begin reading...
You add the spells Iskenderun's Battlesphere, Iron Shot and Spellforged Servitor to your library.
c - 53 stones (gained 19)
An adder comes into view.
The adder hisses angrily.
The adder closely misses you. The adder bites you.
You hit the adder.
The adder is lightly wounded.
The adder bites you.
You hit the adder.
The adder is poisoned.
The adder is moderately wounded.
The adder bites you.
You are poisoned.
The adder poisons you! The adder bites you.
You miss the adder.
The adder is moderately wounded.
* * * LOW HITPOINT WARNING * * *
You feel sick. The adder misses you.
You barely miss the adder.
The adder is heavily wounded.
* * * LOW HITPOINT WARNING * * *
You feel sick. The adder bites you.
You die...

#.#####.##### #. #.##
##.# #. #.#. .#.# ##.
###. .P.#.# ##.. #...
#P##<# ##.##
####.#.#####.# #.##
.............#######.#
###.##.###..........##
#@# ##>#####.##.## #S#
#..# #.###.. #.# #..#
#.# ### #.# #..# #.#
#.. ...# #.# ### ##.#
#.# .# #.# #.#


You could see an adder (very poisoned).

Vanquished Creatures
  2 endoplasms
  2 giant cockroaches (D:1)
  6 goblins
  2 hobgoblins
  2 jackals (D:1)
  8 kobolds
  2 quokkas (D:1)
  4 ball pythons
  5 bats
  2 frilled lizards
  5 rats
40 creatures vanquished.

Notes
Turn   | Place    | Note
-------+----------+-------------------------------------------
     0 | D:1      | pascalblue the Deep Elf Earth Elementalist began the quest
                  | for the Orb.
     0 | D:1      | Reached XP level 1. HP: 10/10 MP: 6/6
   415 | D:1      | Reached XP level 2. HP: 12/15 MP: 6/8
   759 | D:1      | Found a faded altar of an unknown god.
  1587 | D:2      | Reached XP level 3. HP: 11/19 MP: 8/10
  2104 | D:2      | Reached skill level 4 in Earth Magic
  2192 | D:2      | Found a sparkling altar of Nemelex Xobeh.
  2499 | D:3      | Slain by an adder

Illustrated notes

Levels and vault maps discovered:
D:1:      matt_arrival_refuge, layout_loops_ring, ebering_ecumenical_altar_mist
D:2:      layout_loops_ring, basic_altar, corner_web_ring
D:3:      layout_loops_ring, serial_aquarium, aquarium_bridge_long_separate
          [aquarium_subvault_bridge, aquarium_subvault_wall,
          aquarium_subvault_bridge, aquarium_subvault_bridge,
          aquarium_subvault_bridge, aquarium_subvault_wall],
          aquarium_window_fake, aquarium_window_corridor_1, aquarium_view_2e,
          aquarium_view_2d, aquarium_balcony_3b, minmay_misc_feat_x,
          uniq_crazy_yiuf_cottage

Skill      XL: |  1  2  3 |
---------------+----------+-----
Earth Magic    | 4 |  4.0
Stealth        | 3 |  3.0
Short Blades   | |  0.3
Dodging        | |  2.7
Spellcasting   | |  3.7
Transmutations | |  1.1

Action                   || total
-------------------------++-------
Melee: Dagger            ||    72
       Unarmed           ||     3
       Short sword       ||    18
 Cast: Sandblast         ||    23
 Stab: Sleeping          ||    11
Armor: Robe              ||    21
Dodge: Dodged            ||    65
